 Dungeon Crawl Stone Soup version 0.22-a0-292-g0df9d5f (webtiles) character file.

622 Amnesiac the Gusty (level 7, 0/46 HPs)
             Began as a Mummy Air Elementalist on Mar 23, 2018.
             Slain by an orc
             ... wielding a +0 club
              (3 damage)
             ... on level 3 of the Dungeon.
             The game lasted 00:06:52 (4187 turns).

Amnesiac the Gusty (Mummy Air Elementalist)         Turns: 4187, Time: 00:06:53

Health: 0/46       AC:  5    Str: 11    XL:     7   Next: 22%
Magic:  9/24       EV: 12    Int: 16    God:
Gold:   188        SH:  0    Dex: 13    Spells: 12/17 levels left

rFire    x . .     SeeInvis .   k - +0 dagger (venom)
rCold    + . .     Gourm    +   (no shield)
rNeg     + + +     Faith    .   a - +0 robe
rPois    ∞         Spirit   .   m - +0 helmet
rElec    .         Reflect  .   t - +0 cloak (curse)
rCorr    +         Harm     .   (no gloves)
MR       .....                  b - +0 pair of boots
Stlth    ++........             u - amulet of the gourmand
HPRegen  0.15/turn              f - ring of magical power
MPRegen  0.19/turn              s - ring of resist corrosion

@: very slightly contaminated
A: no food or potions, fire vulnerability, cold resistance 1, negative energy
resistance 3, torment resistance, unbreathing
a: no special abilities


You were on level 3 of the Dungeon.
You were not hungry.

You visited 1 branch of the dungeon, and saw 4 of its levels.

You collected 188 gold pieces.

Inventory:

Hand Weapons
 k - a +0 dagger of venom (weapon)
Missiles
 g - 25 poisoned needles
Armour
 a - a +0 robe (worn)
 b - a +0 pair of boots (worn)
 m - a +0 helmet (worn)
 t - a cursed +0 cloak (worn)
Jewellery
 f - a ring of magical power (left hand)
 s - a ring of resist corrosion (right hand)
 u - an amulet of the gourmand (around neck)
Wands
 j - a wand of acid (14)
 q - a wand of flame (28)
 r - a wand of polymorph (20)
Scrolls
 c - 5 scrolls of remove curse {!r, unknown}
 d - a scroll of amnesia {!r, unknown}
 e - 5 scrolls of identify {!r, unknown}
 h - a scroll of fog {!r, unknown}
 i - 3 scrolls of enchant weapon {!r, unknown}
 l - 2 scrolls of noise {!r, unknown}
 n - a scroll of enchant armour {!r, unknown}
 o - a scroll of immolation {!r, unknown}
 p - a scroll of magic mapping {!r, unknown}


   Skills:
 - Level 1.5 Dodging
 - Level 1.5 Stealth
 + Level 5.9 Spellcasting
 - Level 0.7 Conjurations
 * Level 5.9 Air Magic


You had 12 spell levels left.
You knew the following spells:

 Your Spells              Type           Power        Failure   Level  Hunger
a - Shock                 Conj/Air       ###.         3%          1    N/A
d - Airstrike             Air            ###.......   12%         4    N/A

Dungeon Overview and Level Annotations

Branches:
Dungeon (4/15)             Temple (0/1) D:4

Altars:
Okawaru
Qazlal
Ru

Shops:
D:4 *


Innate Abilities, Weirdness & Mutations

You do not eat or drink.
Your flesh is vulnerable to fire.
You are immune to poison.
Your flesh is cold resistant. (rC+)
You are immune to negative energy. (rN+++)
You are immune to unholy pain and torment.
You can survive without breathing.


Message History

Press: ? - help, Dir - move target cursor, f/p - Sigmund
Aim: Sigmund, wielding a scythe and wearing a robe (moderately wounded)
You miscast Airstrike.
Noxious gases pour from your hands! Sigmund casts a spell at you.
The puff of flame misses you.
Casting: Airstrike (slightly dangerous; 16% risk of failure)
Confirm with . or Enter, or press ? or * to list all spells.
Aiming: Airstrike (slightly dangerous; 16% risk of failure)
Press: ? - help, Dir - move target cursor, f/p - Sigmund
Aim: Sigmund, wielding a scythe and wearing a robe (moderately wounded)
The air twists around and strikes Sigmund!
Sigmund is severely wounded.
Casting: Airstrike (slightly dangerous; 16% risk of failure)
Confirm with . or Enter, or press ? or * to list all spells.
Aiming: Airstrike (slightly dangerous; 16% risk of failure)
Press: ? - help, Dir - move target cursor, f/p - Sigmund
Aim: Sigmund, wielding a scythe and wearing a robe (severely wounded)
The air twists around and strikes Sigmund!
You kill Sigmund!
You have reached level 7!
You start resting.
There is a stone staircase leading up here.
The ogre is engulfed in noxious fumes.
The ogre appears confused.
The ogre yells, "Get them off me!"
An orc comes into view. It is wielding a hand axe.
An orc priest comes into view.
The orc shouts!
The orc wizard shouts!
You hear a shout!
You hit the orc wizard but do no damage.
The orc wizard is poisoned.
You closely miss the orc wizard.
The orc wizard is lightly wounded.
The orc wizard hits you with a dagger of speed.
The orc wizard gestures wildly while chanting.
The orc wizard seems to speed up.
Press: ? - help, v - describe, . - travel The floor.
The orc priest invokes the aid of Beogh against you.
Beogh smites you!
The orc priest calls down the wrath of Beogh upon you.
Beogh smites you!
* * * LOW HITPOINT WARNING * * *
You see here a whip.
The orc wizard hits you but does no damage.
You hit the orc wizard but do no damage.
The orc wizard is severely wounded.
The orc wizard hits you with a dagger of speed.
* * * LOW HITPOINT WARNING * * *
The orc wizard closely misses you.
The orc wizard points at you and mumbles some strange words.
The puff of flame hits you! The fire burns you terribly!
* * * LOW HITPOINT WARNING * * *
The orc wizard casts a cantrip, but nothing happens.
The orc wizard casts a spell.
The orc wizard flickers and vanishes!
Deactivating autopickup; reactivate with Ctrl-A.
You feel a bit more experienced.
The orc priest mumbles some strange prayers to Beogh against you.
Beogh smites you!
* * * LOW HITPOINT WARNING * * *
There is a stone staircase leading up here.
You climb upwards.
There is a stone staircase leading down here.
The orc hits you with a club.
You die...

###### ...!.# .....#
.....# .....# .....#
)..#.####################
................@o[.....#
####.########.#########.#
# #..# #.#.# #.# # ##.##
#.#.# #####.# # #..#
#.#.# #.....# # ##.#
#.#.###.#.### # #.##
#.#.......# # #..#
#.#.#####.# #######.#
#.#.......#


You could see an orc.

Vanquished Creatures
  Sigmund (D:4)
  An ogre (D:4)
  A howler monkey (D:3)
  2 orc wizards (D:4)
  Ijyb (D:3)
  Jessica (D:3)
  Terence (D:2)
  Robin (D:2)
  5 gnolls
  4 adders (D:2)
  An adder skeleton (D:4)
  3 worms (D:2)
  A dart slug (D:1)
  4 leopard geckos
  4 orcs
  A giant cockroach (D:1)
  13 hobgoblins
  4 jackals
  A quokka (D:3)
  10 bats
  10 frilled lizards
  15 goblins
  9 kobolds
  9 rats
103 creatures vanquished.

Notes
Turn   | Place    | Note
-------+----------+-------------------------------------------
     0 | D:1      | Amnesiac the Mummy Air Elementalist began the quest for the Orb.
     0 | D:1      | Reached XP level 1. HP: 13/13 MP: 4/4
   215 | D:1      | Found an iron altar of Okawaru.
   280 | D:1      | Reached XP level 2. HP: 16/19 MP: 0/5
   684 | D:1      | Reached XP level 3. HP: 24/24 MP: 0/7
  1176 | D:2      | Noticed Terence
  1358 | D:2      | Killed Terence
  1358 | D:2      | Reached XP level 4. HP: 22/30 MP: 9/9
  1365 | D:2      | Learned a level 4 spell: Airstrike
  2342 | D:2      | Reached XP level 5. HP: 35/35 MP: 7/11
  2344 | D:2      | Noticed Robin
  2370 | D:2      | Killed Robin
  2760 | D:3      | Noticed Ijyb
  2782 | D:3      | Killed Ijyb
  3071 | D:3      | Found a sacrificial altar of Ru.
  3080 | D:3      | Found a stormy altar of Qazlal.
  3210 | D:3      | Noticed Jessica
  3224 | D:3      | Killed Jessica
  3575 | D:4      | Noticed an ogre
  3580 | D:3      | Reached XP level 6. HP: 30/41 MP: 0/13
  3703 | D:4      | Found a staircase to the Ecumenical Temple.
  3755 | D:4      | Reached skill level 5 in Air Magic
  3773 | D:3      | Reached skill level 5 in Spellcasting
  4116 | D:4      | Found Sucurr's Superlative Supplies.
  4148 | D:4      | Noticed Sigmund
  4153 | D:4      | Killed Sigmund
  4153 | D:4      | Reached XP level 7. HP: 46/46 MP: 2/15
  4187 | D:3      | Slain by an orc

Vault maps used:
D:1:      minmay_arrival_split_and_join, okawaru_ov_weapons_minmay
D:2:      minmay_lizard_pond, uniq_robin, uniq_terence
D:3:      minitemple, uniq_jessica, uniq_ijyb
D:4:      minmay_temple_entry_large_hall, nicolae_alphabet_shops, uniq_sigmund,
          uniq_pikel, uniq_crazy_yiuf_cottage

Skill      XL: |  1  2  3  4  5  6 |
---------------+-------------------+-----
Spellcasting   | 3 4 5 |  5.9
Air Magic      | 3 4 5 |  5.9
Dodging        | |  1.5
Stealth        | |  1.5
Conjurations   | |  0.7

Action                   |  1- 3 |  4- 6 |  7- 9 || total
-------------------------+-------+-------+-------++-------
Melee: Unarmed           |    29 |       |       ||    29
       Dagger            |       |    70 |     3 ||    73
 Cast: Shock             |    84 |   131 |       ||   215
       Airstrike         |       |    27 |     1 ||    28
Armor: Robe              |    21 |    24 |       ||    45
Dodge: Dodged            |    49 |    63 |     1 ||   113

Table legend:
 A = Spawn XP
 B = Non-spawn XP
 C = Spawn XP percentage of total XP
 D = Spawn monster count
 E = Non-spawn monster count
 F = Spawn count percentage of total count
 G = Total turns spent on level
                    A         B        C        D         E        F      G
               +---------+---------+-------+---------+---------+-------+---------
         Total |       0 |     889 |   0.0 |       0 |     103 |   0.0 |  4187
               +---------+---------+-------+---------+---------+-------+---------
           D:1 |       0 |      60 |   0.0 |       0 |      30 |   0.0 |  1139
           D:2 |       0 |     161 |   0.0 |       0 |      35 |   0.0 |  1551
           D:3 |       0 |     186 |   0.0 |       0 |      26 |   0.0 |  1278
           D:4 |       0 |     482 |   0.0 |       0 |      12 |   0.0 |   219
               +---------+---------+-------+---------+---------+-------+---------
